 Dungeon Crawl Stone Soup version 0.21.1-1-g345015f (webtiles) character file.

9020 inc the Basher (level 11, -9/74 HPs)
             Began as an Octopode Fighter on June 11, 2018.
             Was an Initiate of Gozag.
             Mangled by a komodo dragon (31 damage)
             ... on level 1 of the Lair of Beasts.
             The game lasted 00:17:25 (11730 turns).

inc the Basher (Octopode Fighter)                  Turns: 11730, Time: 00:17:26

Health: -9/74      AC:  8    Str: 20    XL:     11   Next: 40%
Magic:  11/11      EV: 12    Int: 14    God:    Gozag
Gold:   987        SH: 14    Dex: 11    Spells: 9/10 levels left

rFire    . . .     SeeInvis +   A - +1 flail (protect)
rCold    + . .     Gourm    .   b - +3 shield
rNeg     . . .     Faith    .   (helmet restricted)
rPois    .         Spirit   .   (no amulet)
rElec    .         Reflect  .   m - ring of resist corrosion
rCorr    +         Harm     .   n - +4 ring of strength
MR       +....                  E - ring of protection from cold
Stlth    ++........             C - ring of see invisible
HPRegen  0.22/turn              G - ring of protection from magic
MPRegen  0.12/turn              H - ring of wizardry
                                (no ring)
                                (no ring)

@: gold aura, protection aura
A: almost no armour, stealthy swim, amphibious, 8 rings, constrict 8, camouflage
1, gelatinous body 1
a: Potion Petition, Call Merchant, Bribe Branch, Renounce Religion


You were on level 1 of the Lair of Beasts.
You worshipped Gozag.
Gozag was pleased with you.
You were not hungry.

You visited 3 branches of the dungeon, and saw 13 of its levels.

You collected 1795 gold pieces.
You paid 808 gold pieces to Gozag.

Inventory:

Hand Weapons
 a - a +0 flail
 w - a +2 whip of venom
 A - a +1 flail of protection (weapon)
Armour
 b - a +3 shield (worn)
 q - a +0 buckler of protection
Jewellery
 j - an uncursed amulet of faith
 m - a ring of resist corrosion (left tentacle)
 n - a +4 ring of strength (right tentacle)
 C - a ring of see invisible (on tentacle)
 E - a ring of protection from cold (on tentacle)
 G - a ring of protection from magic (on tentacle)
 H - a ring of wizardry (on tentacle)
Wands
 I - a wand of flame (40)
 J - a wand of iceblast (10)
 K - a wand of random effects (27)
Scrolls
 d - a scroll of identify
 e - a scroll of magic mapping
 g - 5 scrolls of remove curse
 l - 5 scrolls of teleportation
 p - 2 scrolls of fear
 r - 2 scrolls of amnesia
 s - 2 scrolls of immolation
 L - a scroll of enchant armour
Potions
 f - 3 potions of flight
 i - 2 potions of degeneration
 k - 3 potions of curing
 o - a potion of mutation
 t - 2 potions of lignification
 u - 3 potions of resistance
 x - a potion of magic
 B - a potion of brilliance
 D - a potion of cancellation
Books
 z - a book of Debilitation

   Spells                             Type                      Level
   a - Corona                         Hexes                        1
   b - Slow                           Hexes                        2
   c - Inner Flame                    Hexes/Fire                   3
   d - Portal Projectile              Hexes/Translocation          3
   e - Cause Fear                     Hexes                        4
   f - Leda's Liquefaction            Hexes/Earth                  4
 M - a book of Minor Magic

   Spells                             Type                      Level
   a - Magic Dart                     Conjuration                  1
   b - Blink                          Translocation                2
   c - Call Imp                       Summoning                    2
   d - Slow                           Hexes                        2
   e - Conjure Flame                  Conjuration/Fire             3
   f - Mephitic Cloud                 Conjuration/Poison/Air       3
Comestibles
 c - 6 rations


   Skills:
 + Level 6.8 Fighting
 - Level 14.0 Maces & Flails
 - Level 3.0 Dodging
 - Level 8.3 Shields


You had 9 spell levels left.
You knew the following spells:

 Your Spells              Type           Power        Failure   Level  Hunger
a - Corona                Hex            #......      26%         1    ##.....


Dungeon Overview and Level Annotations

Branches:
Dungeon (11/15)            Temple (1/1) D:5            Lair (1/6) D:8
    Orc: D:9-12

Altars:
Ashenzari
Cheibriados
Dithmenos
Elyvilon
Fedhas
Gozag
Hepliaklqana
Kikubaaqudgha
Makhleb
Nemelex Xobeh
Okawaru
Qazlal
Ru
Sif Muna
Trog
Uskayaw
Vehumet
Wu Jian
Xom
Yredelemnul
Zin
The Shining One
Beogh

Shops:
D:7 (%**


Innate Abilities, Weirdness & Mutations

You cannot wear most types of armour.
You are very stealthy in the water. (Stealth+)
You are amphibious.
You can wear up to eight rings at the same time.
You can use your tentacles to constrict eight enemies at once.
Your skin changes colour to match your surroundings (Stealth+).
Your rubbery body absorbs attacks. (AC +1, EV +1)


Message History

You block the porcupine's attack.
You are struck by the porcupine's spines.
You barely miss the porcupine.
The porcupine is almost dead.
You block the porcupine's attack.
You thump the porcupine!
You kill the porcupine!
The komodo dragon bites you!!
* * * LOW HITPOINT WARNING * * *
You see here 3 gold pieces.
Okay, then.
You thump the komodo dragon!
You squeeze the komodo dragon, but do no damage.
The komodo dragon is moderately wounded.
The komodo dragon closely misses you.
You completely miss the komodo dragon.
The komodo dragon is moderately wounded.
The komodo dragon bites you!!
You die...
Your body crumbles into a pile of gold.

###..<...........#
#.................
.....##.....####..#
..## ##..##.8..#.##
# ##.#.....#.P#
###8.8.8..#
#.....#.# ##...## #
##@## #..l..#
#.#....... #.
#...#.#... ..
..8..$+ .. ..
.#.....# . .......
# .....##


You could see a komodo dragon.

Vanquished Creatures
  2 two-headed ogres
  A tengu warrior (D:11)
  An unseen horror (D:10)
  A deep elf mage (D:11)
  A merfolk (D:10)
  A slime creature (D:11)
  A wyvern (D:9)
  3 yaks (D:9)
  A hungry ghost (D:6)
  Edmund (D:5)
  Menkaure (D:7)
  A soldier ant (D:10)
  A porcupine (Lair:1)
  5 orc warriors
  An ice beast (D:6)
  2 phantoms
  2 sky beasts
  An ogre (D:5)
  A crocodile (D:11)
  4 centaurs
  8 bullfrogs
  4 scorpions
  A water moccasin skeleton (D:8)
  15 wights
  2 howler monkeys
  4 bullfrog zombies
  A centaur zombie (D:8)
  7 crimson imps
  2 hounds
  A quasit (D:10)
  9 orc priests
  16 orc wizards
  A bullfrog skeleton (D:8)
  2 centaur skeletons
  Jessica (D:2)
  Natasha (thrice) (D:2)
  4 iguanas
  Terence (D:2)
  5 worker ants
  A killer bee zombie (D:5)
  2 worker ant zombies
  Robin (D:2)
  A howler monkey skeleton (D:7)
  7 adders
  3 shadow imps
  2 oozes
  An adder skeleton (D:4)
  3 worms
  3 dart slugs
  4 leopard geckos
  37 orcs
  5 giant cockroaches
  14 goblins
  14 hobgoblins
  8 jackals
  6 kobolds
  4 quokkas
  3 ball pythons (D:2)
  7 bats
  7 frilled lizards
  A leopard gecko skeleton (D:9)
  8 rats
261 creatures vanquished.

Notes
Turn   | Place    | Note
-------+----------+-------------------------------------------
     0 | D:1      | inc the Octopode Fighter began the quest for the Orb.
     0 | D:1      | Reached XP level 1. HP: 16/16 MP: 1/1
    50 | D:1      | Reached XP level 2. HP: 21/21 MP: 2/2
   406 | D:1      | Reached XP level 3. HP: 25/26 MP: 3/3
   630 | D:1      | Reached skill level 3 in Maces & Flails
   701 | D:2      | Found a faded altar of an unknown god.
   702 | D:2      | Noticed Jessica
   711 | D:2      | Killed Jessica
   711 | D:2      | Reached XP level 4. HP: 25/31 MP: 4/4
   796 | D:2      | Noticed Natasha
   816 | D:2      | Found a shadowy altar of Dithmenos.
   881 | D:2      | Noticed Robin
  1206 | D:2      | Killed Natasha
  1206 | D:2      | Reached XP level 5. HP: 8/36 MP: 5/5
  1297 | D:2      | Noticed Natasha
  1447 | D:2      | Killed Natasha
  1447 | D:2      | Reached skill level 4 in Maces & Flails
  1607 | D:2      | Noticed Natasha
  1614 | D:2      | Killed Natasha
  1778 | D:2      | Killed Robin
  1869 | D:2      | Noticed Terence
  1875 | D:2      | Killed Terence
  1875 | D:2      | Reached skill level 5 in Shields
  2001 | D:3      | Reached XP level 6. HP: 42/42 MP: 6/6
  2436 | D:3      | Found a shimmering altar of Xom.
  2956 | D:4      | Reached skill level 5 in Maces & Flails
  3362 | D:5      | Entered Level 5 of the Dungeon
  3380 | D:5      | Reached XP level 7. HP: 20/46 MP: 7/7
  3634 | D:5      | Found a staircase to the Ecumenical Temple.
  3647 | Temple   | Entered the Ecumenical Temple
  3652 | Temple   | Became a worshipper of Gozag Ym Sagoz the Greedy
  4269 | D:5      | Noticed Edmund
  4279 | D:5      | Killed Edmund
  4279 | D:5      | Reached skill level 6 in Maces & Flails
  4792 | D:6      | Reached XP level 8. HP: 29/52 MP: 8/8
  5323 | D:6      | Reached skill level 7 in Maces & Flails
  5559 | D:6      | Reached skill level 8 in Maces & Flails
  5783 | D:7      | Found Gewiopom's General Store.
  5865 | D:7      | Noticed Menkaure
  5870 | D:7      | Killed Menkaure
  5870 | D:7      | Reached XP level 9. HP: 56/56 MP: 9/9
  6244 | D:7      | Reached skill level 9 in Maces & Flails
  6364 | D:7      | Found Qimod's Food Shop.
  6428 | D:7      | Found Nibef's Weapon Emporium.
  6628 | D:7      | Found Ucvoustre's Assorted Antiques.
  6960 | D:8      | Reached skill level 10 in Maces & Flails
  6982 | D:8      | Found a staircase to the Lair.
  7045 | D:8      | Noticed a two-headed ogre
  7052 | D:8      | Killed a two-headed ogre
  7052 | D:8      | Reached skill level 11 in Maces & Flails
  7483 | D:8      | Found a radiant altar of Vehumet.
  7501 | D:8      | Reached XP level 10. HP: 63/63 MP: 10/10
  7735 | D:9      | Found a transporter.
  7742 | D:9      | Found a roughly hewn altar of Beogh.
  7755 | D:9      | Found a transporter.
  7793 | D:9      | Reached skill level 12 in Maces & Flails
  7993 | D:9      | Learned a level 1 spell: Corona
  8142 | D:9      | Noticed a two-headed ogre
  8155 | D:9      | Killed a two-headed ogre
  8753 | D:9      | Reached skill level 13 in Maces & Flails
  9158 | D:10     | Entered Level 10 of the Dungeon
  9826 | D:10     | Noticed an unseen horror
  9835 | D:10     | Killed an unseen horror
  9835 | D:10     | Reached skill level 14 in Maces & Flails
  9835 | D:10     | Reached XP level 11. HP: 51/67 MP: 11/11
 10822 | D:11     | Noticed a deep elf mage
 10828 | D:11     | Killed a deep elf mage
 10828 | D:11     | Reached skill level 5 in Fighting
 11157 | D:11     | Noticed a tengu warrior
 11174 | D:11     | Killed a tengu warrior
 11710 | Lair:1   | Entered Level 1 of the Lair of Beasts
 11730 | Lair:1   | Mangled by a komodo dragon

Skill      XL: |  1  2  3  4  5  6  7  8  9 10 11 |
---------------+----------------------------------+-----
Maces & Flails | 3 4 5 6 8 11 14 | 14.0
Shields        | 4 5 6 8 |  8.3
Fighting       | 6 |  6.8
Dodging        | |  3.0

Action                   |  1- 3 |  4- 6 |  7- 9 | 10-12 || total
-------------------------+-------+-------+-------+-------++-------
Melee: Flail             |    61 |   106 |   166 |   331 ||   664
       Constrict         |    11 |    40 |    42 |    52 ||   145
       Tentacles         |    13 |    26 |    43 |    82 ||   164
       Whip              |       |    22 |    47 |       ||    69
Invok: Potion Petition   |       |       |     1 |     1 ||     2
  Use: Scroll            |       |       |    16 |     7 ||    23
       Potion            |       |       |     4 |     2 ||     6
 Stab: Sleeping          |     6 |     8 |     7 |     4 ||    25
       Distracted        |       |       |     1 |     3 ||     4
  Eat: Chunk             |       |     7 |     2 |       ||     9
       Ration            |       |       |     5 |     3 ||     8
Armor: Skin              |     7 |     8 |    18 |    24 ||    57
Dodge: Dodged            |    25 |    53 |    59 |    61 ||   198
Block: Shield            |    30 |    53 |   109 |   133 ||   325
